Workbook

Sheet REHABILITACION
A1: GOBIERNO DEL ESTADO DE ZACATECAS
A9: PROYECTO: | B9: REHABILITACIÓN DE CALLES CON PAVIMENTACIÓN, EN RÍO GRANDE, VARIAS LOCALIDADES, ASENTAMIENTOS VARIOS, CON MEZCLA ASFÁLTICA PARA BENEFICIO DE LOS HABITANTES.
A10: UBICACIÓN: | B10: VILLANUEVA, ZAC.
A12: PRESUPUESTO DE ADQUISICIÓN DE INSUMOS
A14: Código | B14: Concepto | C14: Unidad | D14: Cantidad | E14: Costo Unitario | F14: Importe
B16: PRELIMINARES
A17: 108LETRERO2 | B17: SUMINISTRO DE LETRERO ALUSIVO A LA OBRA A BASE DE PERFIL TUBULAR PTR DE 2"X2" Y LÁMINA LISA EN SECCIÓN DE 1.20 X 1.50 M. Y UNA ALTURA TOTAL DE 2.50 + 0.50 M DE EMPOTRAMIENTO EN EL QUE DEBE INCLUIR: MUNICIPIO, LOCALIDAD, NOMBRE DE LA OBRA, MONTOS DE INVERSIÓN, LA NATURALEZA DL RECURSO (FISM - FISE) Y TOTAL DE BENEFICIARIOS. INLUYE PINTURA Y ROTULACIÓN DE LOGOTIPOS OFICIALES Y EN SU CASO LAS ACCIONES EN VIVIENDAS BENEFICIADAS, LA PLACA O CALCOMANÍA ALUSIVA AL MENOS DE 20 CM POR 40 CM, CON LOS LOGOTIPOS OFICIALES, DONDE DEBERÁN SEÑALAR LA VIVIENDA BENEFICIADA CON LA OBRA O ACCIÓN RECIBIDA Y NATURALEZA DEL RECURSO (FISE/FISM). L.A.B. EN EL SITIO DE LOS TRABAJOS. | C17: PZA | D17: =+#REF! -> #REF! | E17: 3787 | F17: =+ROUND(D17*E17,2) -> #REF!
B18: SUBTOTAL PRELIMINARES | F18: =SUM(F17) -> #REF!
B19: PAVIMENTO
A20: MASF0003 | B20: EMULSION CATIONICA DE ROMPIMIENTO RAPIDO (ECR) , DE ACUERDO CON LA NORMA DE LA SCT N-CMT-4-05-001 VIGENTE. (PUESTOS EN CABECERA MUNICIPAL CORRESPONDIENTE) | C20: L | D20: =+#REF! -> #REF! | E20: =+'EST. MCDO'!G22 -> 14.85 | F20: =+ROUND(D20*E20,2) -> #REF!
A21: MASFPG64-22P | B21: ADQUISICIÓN DE CARPETA DE CONCRETO ASFALTICO CON CEMENTO ASFALTICO GRADO PG 64-22 ELABORADA EN PLANTA MEZCLA EN CALIENTE TIPO DENSA. (MEZCLA ASFÁLTICA SUELTA PUESTA EN CABECERA MUNICIPAL CORRESPONDIENTE). DE ACUERDO CON LA NORMA DE LA SCT N-CMT-4-05-003 VIGENTE. | C21: M3 | D21: =+#REF! -> #REF! | E21: =+'EST. MCDO'!G24 -> 3191.5 | F21: =+ROUND(D21*E21,2) -> #REF!
B22: SUBTOTAL PAVIMENTO | F22: =SUM(F20:F21) -> #REF!
B24: SEÑALAMIENTO
A25: MPIN0001 | B25: PINTURA TRAFICO AMARILLO Y/O BLANCO, BASE AGUA, TIPO II, EN TAMBOS DE 200 L O CUBETA DE 19 L, DE ACUERDO A LA NORMA DE LA SICT N·CMT·5·01·001/13, PUESTA EN ALMACENES DE LA SUBSECRETARÍA DE COMUNICACIONES. | C25: L | D25: =+#REF! -> #REF! | E25: =+EST.MCDO.PIN.!G23 -> 116.69 | F25: =+ROUND(D25*E25,2) -> #REF!
B26: SUBTOTAL SEÑALAMIENTO | F26: =SUM(F25) -> #REF!
E29: SUMA: | F29: =+F18+F22+F26 -> #REF!
E30: 16 % I.V.A. | F30: =+ROUND(F29*0.16,2) -> #REF!
E31: TOTAL | F31: =+F29+F30 -> #REF!
A34: C. Eduardo Quintero Pinedo Arq. Manuel Alfonso Acuña Borda | E34: Ing. Carlos Rodríguez Limas
A35: Director de Costos y Presupuestos Subsecretario de Proyectos y Costos | E35: Subdirector de Validación y Costos

Sheet CONSTRUCCION
A1: GOBIERNO DEL ESTADO DE ZACATECAS
A9: PROYECTO: | B9: CONSTRUCCIÓN DE CALLES CON PAVIMENTACIÓN, EN RÍO GRANDE, VARIAS LOCALIDADES, ASENTAMIENTOS VARIOS, CON MEZCLA ASFÁLTICA PARA BENEFICIO DE LOS HABITANTES.
A10: UBICACIÓN: | B10: VILLANUEVA, ZAC.
A12: PRESUPUESTO DE ADQUISICIÓN DE INSUMOS
A14: Código | B14: Concepto | C14: Unidad | D14: Cantidad | E14: Costo Unitario | F14: Importe
B16: PRELIMINARES
A17: 108LETRERO2 | B17: SUMINISTRO DE LETRERO ALUSIVO A LA OBRA A BASE DE PERFIL TUBULAR PTR DE 2"X2" Y LÁMINA LISA EN SECCIÓN DE 1.20 X 1.50 M. Y UNA ALTURA TOTAL DE 2.50 + 0.50 M DE EMPOTRAMIENTO EN EL QUE DEBE INCLUIR: MUNICIPIO, LOCALIDAD, NOMBRE DE LA OBRA, MONTOS DE INVERSIÓN, LA NATURALEZA DL RECURSO (FISM - FISE) Y TOTAL DE BENEFICIARIOS. INLUYE PINTURA Y ROTULACIÓN DE LOGOTIPOS OFICIALES Y EN SU CASO LAS ACCIONES EN VIVIENDAS BENEFICIADAS, LA PLACA O CALCOMANÍA ALUSIVA AL MENOS DE 20 CM POR 40 CM, CON LOS LOGOTIPOS OFICIALES, DONDE DEBERÁN SEÑALAR LA VIVIENDA BENEFICIADA CON LA OBRA O ACCIÓN RECIBIDA Y NATURALEZA DEL RECURSO (FISE/FISM). L.A.B. EN EL SITIO DE LOS TRABAJOS. | C17: PZA | D17: 7 | E17: 3787 | F17: =+ROUND(D17*E17,2) -> 26509
B18: SUBTOTAL PRELIMINARES | F18: =SUM(F17) -> 26509
B19: PAVIMENTO
A20: MASF0003 | B20: EMULSION CATIONICA DE ROMPIMIENTO RAPIDO (ECR) , DE ACUERDO CON LA NORMA DE LA SCT N-CMT-4-05-001 VIGENTE. (PUESTOS EN CABECERA MUNICIPAL CORRESPONDIENTE) | C20: L | D20: =+#REF! -> #REF! | E20: =+'EST. MCDO'!G22 -> 14.85 | F20: =+ROUND(D20*E20,2) -> #REF!
A21: MASF0004 | B21: EMULSION ASFALTICA CATIONICA DE ROMPIMIENTO LENTO (ECL) DE ACUERDO CON LA NORMA DE LA SCT N-CMT-4-05-001 VIGENTE. (PUESTOS EN CABECERA MUNICIPAL CORRESPONDIENTE) | C21: L | D21: =+#REF! -> #REF! | E21: =+'EST. MCDO'!G23 -> 15.38 | F21: =+ROUND(D21*E21,2) -> #REF!
A22: MASFPG64-22P | B22: ADQUISICIÓN DE CARPETA DE CONCRETO ASFALTICO CON CEMENTO ASFALTICOGRADO PG 64-22 ELABORADA EN PLANTA MEZCLA EN CALIENTE TIPO DENSA. (MEZCLA ASFÁLTICA SUELTA PUESTA EN CABECERA MUNICIPAL CORRESPONDIENTE). DE ACUERDO CON LA NORMA DE LA SCT N-CMT-4-05-003 VIGENTE. | C22: M3 | D22: =+#REF! -> #REF! | E22: =+'EST. MCDO'!G24 -> 3191.5 | F22: =+ROUND(D22*E22,2) -> #REF!
B23: TOTAL PAVIMENTO | F23: =SUM(F20:F22) -> #REF!
B24: SEÑALAMIENTO
A25: MPIN0001 | B25: PINTURA TRAFICO AMARILLO Y/O BLANCO, BASE AGUA, TIPO II, EN TAMBOS DE 200 L O CUBETA DE 19 L, DE ACUERDO A LA NORMA DE LA SICT N·CMT·5·01·001/13, PUESTA EN ALMACENES DE LA SUBSECRETARÍA DE COMUNICACIONES. | C25: L | D25: =+#REF! -> #REF! | E25: =+EST.MCDO.PIN.!G23 -> 116.69 | F25: =+ROUND(D25*E25,2) -> #REF!
B26: SUBTOTAL SEÑALAMIENTO | F26: =SUM(F25) -> #REF!
E29: SUMA: | F29: =+F23+F26+F18 -> #REF!
E30: 16 % I.V.A. | F30: =+ROUND(F29*0.16,2) -> #REF!
E31: TOTAL | F31: =ROUND(+(F29+F30),2) -> #REF!
A36: C. Eduardo Quintero Pinedo Arq. Manuel Alfonso Acuña Borda | E36: Ing. Carlos Rodríguez Limas
A37: Director de Costos y Presupuestos Subsecretario de Proyectos y Costos | E37: Subdirector de Validación y Costos

Sheet EST. MCDO
A1: GOBIERNO DEL ESTADO DE ZACATECAS
A11: PROYECTO: | B11: =+#REF! -> #REF!
A12: UBICACIÓN: | B12: =+#REF! -> #REF!
A15: ESTUDIO DE MERCADO
A17: Código | B17: Concepto | C17: Unidad | D17: COTIZACIONES (Octubre) | G17: PRECIO MÁXIMO DE REFERENCIA
D18: PRECIOS (NO INCLUYEN IVA)
D19: RÍO TRAC S.A DE C.V. | E19: PAVIMENTOS ESTRUCTURALES DE ZACATECAS S.A DE C.V. | F19: RIVERA Y RIVERA S.A DE C.V
B21: MATERIAL ASFÁLTICO
A22: MASF0003 | B22: ADQUISICIÓN DE EMULSION CATIÓNICA DE ROMPIMIENTO RÁPIDO, DE ACUERDO CON LA NORMA DE LA SCT N-CMT-4-05-001 VIGENTE.(PUESTO EN EL SITIO DE LOS TRABAJOS) | C22: L | D22: 16.35 | E22: 15.45 | F22: 12.75 | G22: =ROUND(AVERAGE(D22:F22),2) -> 14.85
A23: MASF0004 | B23: ADQUISICIÓN DE EMULSION CATIÓNICA DE ROMPIMIENTO LENTO, DE ACUERDO CON LA NORMA DE LA SCT N-CMT-4-05-001 VIGENTE. (PUESTO EN EL SITIO DE LOS TRABAJOS) | C23: L | D23: 17.45 | E23: 15.45 | F23: 13.23 | G23: =ROUND(AVERAGE(D23:F23),2) -> 15.38
A24: MASFPG64-22 | B24: ADQUISICIÓN DE CARPETA DE CONCRETO ASFALTICO CON CEMENTO ASFALTICOGRADO PG 64-22 ELABORADA EN PLANTA MEZCLA EN CALIENTE TIPO DENSA. (MEZCLA ASFÁLTICA SUELTA PUESTA EN EL SITIO DE LOS TRABAJOS) DE ACUERDO CON LA NORMA DE LA SCT N-CMT-4-05-003 VIGENTE. | C24: M3 | D24: 3492.5 | E24: 3502 | F24: 2580 | G24: =ROUND(AVERAGE(D24:F24),2) -> 3191.5
B27: PRECIOS CON VIGENCIA MENSUAL ACTUALIZÁNDOSE AL PRIMER DÍA DEL MES A TRANSCURRIR.
B28: Se anexan cotizaciones (3)

Sheet EST.MCDO.PIN.
A1: GOBIERNO DEL ESTADO DE ZACATECAS
A11: PROYECTO: | B11: =+'EST. MCDO'!B11:F11 -> #REF!
A12: UBICACIÓN: | B12: =+#REF! -> #REF!
A15: ESTUDIO DE MERCADO
A17: Código | B17: Concepto | C17: Unidad | D17: COTIZACIONES (Octubre) | G17: PRECIO MÁXIMO DE REFERENCIA
D18: PRECIOS (NO INCLUYEN IVA)
D19: EFORZA | E19: IMPERQUIMIA | F19: CASA ORTÍZ
B21: PINTURA
A22: MPIN0001 | B22: PINTURA TRAFICO AMARILLO Y/O BLANCO, BASE AGUA, TIPO II, EN TAMBOS DE 200 L O CUBETA DE 19 L, DE ACUERDO A LA NORMA DE LA SICT N·CMT·5·01·001/13, PUESTA EN ALMACENES DE LA SUBSECRETARÍA DE COMUNICACIONES. | C22: cub | D22: 2324.14 | E22: 2219.83 | F22: 2107.44 | G22: =ROUND(AVERAGE(D22:F22),2) -> 2217.14
C23: L | D23: =+D22/19 -> 122.32316 | E23: =+E22/19 -> 116.83316 | F23: =+F22/19 -> 110.91789 | G23: =ROUND(G22/19,2) -> 116.69
B28: Se anexan cotizaciones (3)

Sheet RESUMEN
A1: GOBIERNO DEL ESTADO DE ZACATECAS
A5: LICITACIÓN No: | B5: EA-932063953-SOP049-2023
A6: PROYECTO: | B6: ADQUISICION DE INSUMOS PARA LA CONSTRUCCIÓN Y REHABILITACIÓN CON PAVIMENTACIÓN EN RÍO GRANDE. LOCALIDADES VARIAS. EN CALLES VARIAS CON MEZCLA ASFALTICA INCLUYE: 1,934.27 M3 DE MEZCLA ASFÁLTICA, 32,237.74 LTS DE EMULSIÓN DE ROMPIMIENTO RÁPIDO, 32,885.75 LTS DE EMULSIÓN ROMPIMIENTO LENTO Y 702 LTS DE PINTURA DE TRÁFICO
A7: UBICACIÓN: | B7: RÍO GRANDE, ZAC.
A9: RESUMEN DEL LISTADO DE ADQUISICIÓN DE INSUMOS
A11: Código | B11: Concepto | C11: Unidad | D11: Cantidad | E11: Costo Unitario | F11: Importe
A13: 1 | B13: CONSTRUCCIÓN DE CALLE CON PAVIMENTACIÓN EN RÍO GRANDE LOCALIDAD LA FLORIDA, EN CALLE ADOLFO LÓPEZ MATEOS, CON 1899.96 M2, CON MEZCLA ASFÁLTICA PARA EL BENEFICIO DE LA POBLACIÓN. | C13: LOTE | D13: 1
A14: 2 | B14: CONSTRUCCIÓN DE CALLE CON PAVIMENTACIÓN EN RÍO GRANDE LOCALIDAD RÍO GRANDE, ASENTAMIENTO COL. LOS SAUCES, EN CALLES SICOMORO Y BVD.JACARANDAS, ZAP 1164, CON 4,119.02 M2, CON MEZCLA ASFÁLTICA PARA EL BENEFICIO DE LA POBLACIÓN. | C14: LOTE | D14: 1
A15: 3 | B15: CONSTRUCCIÓN DE CALLE CON PAVIMENTACIÓN EN RÍO GRANDE LOCALIDAD COM. FRANCISCO GARCÍA SALINAS, EN CALLES MIGUEL HIDALGO Y AV. MATAMOROS, CON 2899.85 M2, CON MEZCLA ASFÁLTICA PARA EL BENEFICIO DE LA POBLACIÓN. | C15: LOTE | D15: 1
A16: 4 | B16: CONSTRUCCIÓN DE CALLE CON PAVIMENTACIÓN EN RÍO GRANDE LOCALIDAD IGNACIO LÓPEZ RAYON, EN CALLE PLAN DE GUADALUPE Y BENITO JUÁREZ, CON 2,946.62 M2, CON MEZCLA ASFÁLTICA PARA EL BENEFICIO DE LA POBLACIÓN. | C16: LOTE | D16: 1
A17: 5 | B17: CONSTRUCCIÓN DE CALLE CON PAVIMENTACIÓN EN RÍO GRANDE LOCALIDAD COM. ANASTACIO V. HINOJOSA, EN CALLE ROSAS ROJAS CON 1,504.67 M2, CON MEZCLA ASFÁLTICA PARA EL BENEFICIO DE LA POBLACIÓN. | C17: LOTE | D17: 1
A18: 6 | B18: REHABILITACIÓN DE CALLE CON PAVIMENTACIÓN EN RÍO GRANDE, LOCALIDAD COM. LAS ESPERANZAS, EN CALLE INSURGENTE, ZAP 0787 CON 7,181.27 M2 CON MEZCLA ASFÁLTICA PARA EL BENEFICIO DE LA POBLACIÓN. | C18: LOTE | D18: 1
A19: 7 | B19: REHABILITACIÓN DE CALLE CON PAVIMENTACIÓN EN RÍO GRANDE, LOCALIDAD COM. LAS ESPERANZAS, EN CALLE ALFONSO MEDINA, CON 5,711.91 M2 CON MEZCLA ASFÁLTICA PARA EL BENEFICIO DE LA POBLACIÓN. | C19: LOTE | D19: 1
A20: 8 | B20: CONSTRUCCIÓN DE CALLE CON PAVIMENTACIÓN EN RÍO GRANDE LOCALIDAD RÍO GRANDE, ASENTAMIENTO COL. DEPORTIVA,ZAP 072A EN CALLES PANFILO NATERA Y GREGORIO MEDINA, CON 3,871.81 M2, CON MEZCLA ASFÁLTICA PARA EL BENEFICIO DE LA POBLACIÓN. | C20: LOTE | D20: 1
A21: 9 | B21: CONSTRUCCIÓN DE CALLE CON PAVIMENTACIÓN EN RÍO GRANDE LOCALIDAD EL FUERTE, EN CALLE MICHOACAN, CON 2102.53 M2, CON MEZCLA ASFÁLTICA PARA EL BENEFICIO DE LA POBLACIÓN. | C21: LOTE | D21: 1
E22: SUBTOTAL
E23: 16 % I.V.A.
E24: TOTAL
E25: (IMPORTE TOTAL CON LETRA)
A27: NOTA: EN PAPELERIA MEBRETADA DE LA EMPRESA Y FIRMADO POR EL REPRESENTANTE LEGAL
A28: LOS BIENES SERÁN ENTREGADOS CONFORME LO REQUIERA EL ÁREA SOLICITANTE RESPETANDO EL PERIODO SEÑALADO

Sheet 1. MATEO
A1: GOBIERNO DEL ESTADO DE ZACATECAS
A8: LICITACIÓN No: | B8: EA-932063953-SOP049-2023
A9: PROYECTO: | B9: CONSTRUCCIÓN DE CALLE CON PAVIMENTACIÓN EN RÍO GRANDE LOCALIDAD LA FLORIDA, EN CALLE ADOLFO LÓPEZ MATEOS, CON 1899.96 M2, CON MEZCLA ASFÁLTICA PARA EL BENEFICIO DE LA POBLACIÓN.
A10: UBICACIÓN: | B10: RÍO GRANDE, ZAC.
A12: LISTADO DE ADQUISICIÓN DE INSUMOS
A14: Código | B14: Concepto | C14: Unidad | D14: Cantidad | E14: Costo con Número | F14: Costo con letra | G14: Importe
B15: PAVIMENTO
A16: MASF0003 | B16: EMULSION CATIONICA DE ROMPIMIENTO RAPIDO (ECR) , DE ACUERDO CON LA NORMA DE LA SCT N-CMT-4-05-001 VIGENTE. (PUESTOS EN EL SITIO DE LOS TRABAJOS) | C16: L | D16: 1899.96
A17: MASF0004 | B17: EMULSION ASFALTICA CATIONICA DE ROMPIMIENTO LENTO (ECL) DE ACUERDO CON LA NORMA DE LA SCT N-CMT-4-05-001 VIGENTE. (PUESTOS EN EL SITIO DE LOS TRABAJOS) | C17: L | D17: 3229.93
A18: MASFPG64-22P | B18: ADQUISICIÓN DE CARPETA DE CONCRETO ASFALTICO CON CEMENTO ASFALTICO GRADO PG 64-22 ELABORADA EN PLANTA MEZCLA EN CALIENTE TIPO DENSA. (MEZCLA ASFÁLTICA SUELTA PUESTA EN EL SITIO DE LOS TRABAJOS). DE ACUERDO CON LA NORMA DE LA SCT N-CMT-4-05-003 VIGENTE. | C18: M3 | D18: 114
B19: SUBTOTAL PAVIMENTO
B20: SEÑALAMIENTO
A21: MPIN0001 | B21: PINTURA TRAFICO AMARILLO Y/O BLANCO, BASE AGUA, TIPO II, EN TAMBOS DE 200 L O CUBETA DE 19 L, DE ACUERDO A LA NORMA DE LA SICT N·CMT·5·01·001/13, PUESTA EN ALMACENES DE LA SUBSECRETARÍA DE COMUNICACIONES. | C21: L | D21: 45
B22: SUBTOTAL SEÑALAMIENTO
E25: SUBTOTAL
E26: 16 % I.V.A.
E27: TOTAL
E28: (IMPORTE TOTAL CON LETRA)
A29: NOTA: EN PAPELERIA MEBRETADA DE LA EMPRESA Y FIRMADO POR EL REPRESENTANTE LEGAL
A30: LOS BIENES SERÁN ENTREGADOS CONFORME LO REQUIERA EL ÁREA SOLICITANTE RESPETANDO EL PERIODO SEÑALADO

Sheet 2. SICOM
A1: GOBIERNO DEL ESTADO DE ZACATECAS
A8: LICITACIÓN No: | B8: EA-932063953-SOP049-2023
A9: PROYECTO: | B9: CONSTRUCCIÓN DE CALLE CON PAVIMENTACIÓN EN RÍO GRANDE LOCALIDAD RÍO GRANDE, ASENTAMIENTO COL. LOS SAUCES, EN CALLES SICOMORO Y BVD.JACARANDAS, ZAP 1164, CON 4,119.02 M2, CON MEZCLA ASFÁLTICA PARA EL BENEFICIO DE LA POBLACIÓN.
A10: UBICACIÓN: | B10: RÍO GRANDE, ZAC.
A12: LISTADO DE ADQUISICIÓN DE INSUMOS
A14: Código | B14: Concepto | C14: Unidad | D14: Cantidad | E14: Costo con Número | F14: Costo con letra | G14: Importe
B15: PAVIMENTO
A16: MASF0003 | B16: EMULSION CATIONICA DE ROMPIMIENTO RAPIDO (ECR) , DE ACUERDO CON LA NORMA DE LA SCT N-CMT-4-05-001 VIGENTE. (PUESTOS EN EL SITIO DE LOS TRABAJOS) | C16: L | D16: 4119.02
A17: MASF0004 | B17: EMULSION ASFALTICA CATIONICA DE ROMPIMIENTO LENTO (ECL) DE ACUERDO CON LA NORMA DE LA SCT N-CMT-4-05-001 VIGENTE. (PUESTOS EN EL SITIO DE LOS TRABAJOS) | C17: L | D17: 7002.33
A18: MASFPG64-22P | B18: ADQUISICIÓN DE CARPETA DE CONCRETO ASFALTICO CON CEMENTO ASFALTICO GRADO PG 64-22 ELABORADA EN PLANTA MEZCLA EN CALIENTE TIPO DENSA. (MEZCLA ASFÁLTICA SUELTA PUESTA EN EL SITIO DE LOS TRABAJOS). DE ACUERDO CON LA NORMA DE LA SCT N-CMT-4-05-003 VIGENTE. | C18: M3 | D18: 247.14
B19: SUBTOTAL PAVIMENTO
B20: SEÑALAMIENTO
A21: MPIN0001 | B21: PINTURA TRAFICO AMARILLO Y/O BLANCO, BASE AGUA, TIPO II, EN TAMBOS DE 200 L O CUBETA DE 19 L, DE ACUERDO A LA NORMA DE LA SICT N·CMT·5·01·001/13, PUESTA EN ALMACENES DE LA SUBSECRETARÍA DE COMUNICACIONES. | C21: L | D21: 74
B22: SUBTOTAL SEÑALAMIENTO
E25: SUBTOTAL
E26: 16 % I.V.A.
E27: TOTAL
E28: (IMPORTE TOTAL CON LETRA)
A29: NOTA: EN PAPELERIA MEBRETADA DE LA EMPRESA Y FIRMADO POR EL REPRESENTANTE LEGAL
A30: LOS BIENES SERÁN ENTREGADOS CONFORME LO REQUIERA EL ÁREA SOLICITANTE RESPETANDO EL PERIODO SEÑALADO

Sheet 3. M HGO.
A1: GOBIERNO DEL ESTADO DE ZACATECAS
A8: LICITACIÓN No: | B8: EA-932063953-SOP049-2023
A9: PROYECTO: | B9: CONSTRUCCIÓN DE CALLE CON PAVIMENTACIÓN EN RÍO GRANDE LOCALIDAD COM. FRANCISCO GARCÍA SALINAS, EN CALLES MIGUEL HIDALGO Y AV. MATAMOROS, CON 2899.85 M2, CON MEZCLA ASFÁLTICA PARA EL BENEFICIO DE LA POBLACIÓN.
A10: UBICACIÓN: | B10: RÍO GRANDE, ZAC.
A12: LISTADO DE ADQUISICIÓN DE INSUMOS
A14: Código | B14: Concepto | C14: Unidad | D14: Cantidad | E14: Costo con Número | F14: Costo con letra | G14: Importe
B15: PAVIMENTO
A16: MASF0003 | B16: EMULSION CATIONICA DE ROMPIMIENTO RAPIDO (ECR) , DE ACUERDO CON LA NORMA DE LA SCT N-CMT-4-05-001 VIGENTE. (PUESTOS EN EL SITIO DE LOS TRABAJOS) | C16: L | D16: 2899.85
A17: MASF0004 | B17: EMULSION ASFALTICA CATIONICA DE ROMPIMIENTO LENTO (ECL) DE ACUERDO CON LA NORMA DE LA SCT N-CMT-4-05-001 VIGENTE. (PUESTOS EN EL SITIO DE LOS TRABAJOS) | C17: L | D17: 4929.75
A18: MASFPG64-22P | B18: ADQUISICIÓN DE CARPETA DE CONCRETO ASFALTICO CON CEMENTO ASFALTICO GRADO PG 64-22 ELABORADA EN PLANTA MEZCLA EN CALIENTE TIPO DENSA. (MEZCLA ASFÁLTICA SUELTA PUESTA EN EL SITIO DE LOS TRABAJOS). DE ACUERDO CON LA NORMA DE LA SCT N-CMT-4-05-003 VIGENTE. | C18: M3 | D18: 173.99
B19: SUBTOTAL PAVIMENTO
B20: SEÑALAMIENTO
A21: MPIN0001 | B21: PINTURA TRAFICO AMARILLO Y/O BLANCO, BASE AGUA, TIPO II, EN TAMBOS DE 200 L O CUBETA DE 19 L, DE ACUERDO A LA NORMA DE LA SICT N·CMT·5·01·001/13, PUESTA EN ALMACENES DE LA SUBSECRETARÍA DE COMUNICACIONES. | C21: L | D21: =69+12 -> 81
B22: SUBTOTAL SEÑALAMIENTO
E25: SUBTOTAL
E26: 16 % I.V.A.
E27: TOTAL
E28: (IMPORTE TOTAL CON LETRA)
A29: NOTA: EN PAPELERIA MEBRETADA DE LA EMPRESA Y FIRMADO POR EL REPRESENTANTE LEGAL
A30: LOS BIENES SERÁN ENTREGADOS CONFORME LO REQUIERA EL ÁREA SOLICITANTE RESPETANDO EL PERIODO SEÑALADO

Sheet 4 B.JREZ. YP.G
A1: GOBIERNO DEL ESTADO DE ZACATECAS
A8: LICITACIÓN No: | B8: EA-932063953-SOP049-2023
A9: PROYECTO: | B9: CONSTRUCCIÓN DE CALLE CON PAVIMENTACIÓN EN RÍO GRANDE LOCALIDAD IGNACIO LÓPEZ RAYON, EN CALLE PLAN DE GUADALUPE Y BENITO JUÁREZ, CON 2,946.62 M2, CON MEZCLA ASFÁLTICA PARA EL BENEFICIO DE LA POBLACIÓN.
A10: UBICACIÓN: | B10: RÍO GRANDE, ZAC.
A12: LISTADO DE ADQUISICIÓN DE INSUMOS
A14: Código | B14: Concepto | C14: Unidad | D14: Cantidad | E14: Costo con Número | F14: Costo con letra | G14: Importe
B15: PAVIMENTO
A16: MASF0003 | B16: EMULSION CATIONICA DE ROMPIMIENTO RAPIDO (ECR) , DE ACUERDO CON LA NORMA DE LA SCT N-CMT-4-05-001 VIGENTE. (PUESTOS EN EL SITIO DE LOS TRABAJOS) | C16: L | D16: 2946.62
A17: MASF0004 | B17: EMULSION ASFALTICA CATIONICA DE ROMPIMIENTO LENTO (ECL) DE ACUERDO CON LA NORMA DE LA SCT N-CMT-4-05-001 VIGENTE. (PUESTOS EN EL SITIO DE LOS TRABAJOS) | C17: L | D17: 5009.25
A18: MASFPG64-22P | B18: ADQUISICIÓN DE CARPETA DE CONCRETO ASFALTICO CON CEMENTO ASFALTICO GRADO PG 64-22 ELABORADA EN PLANTA MEZCLA EN CALIENTE TIPO DENSA. (MEZCLA ASFÁLTICA SUELTA PUESTA EN EL SITIO DE LOS TRABAJOS). DE ACUERDO CON LA NORMA DE LA SCT N-CMT-4-05-003 VIGENTE. | C18: M3 | D18: 176.8
B19: SUBTOTAL PAVIMENTO
B20: SEÑALAMIENTO
A21: MPIN0001 | B21: PINTURA TRAFICO AMARILLO Y/O BLANCO, BASE AGUA, TIPO II, EN TAMBOS DE 200 L O CUBETA DE 19 L, DE ACUERDO A LA NORMA DE LA SICT N·CMT·5·01·001/13, PUESTA EN ALMACENES DE LA SUBSECRETARÍA DE COMUNICACIONES. | C21: L | D21: =74+13 -> 87
B22: SUBTOTAL SEÑALAMIENTO
E25: SUBTOTAL
E26: 16 % I.V.A.
E27: TOTAL
E28: (IMPORTE TOTAL CON LETRA)
A29: NOTA: EN PAPELERIA MEBRETADA DE LA EMPRESA Y FIRMADO POR EL REPRESENTANTE LEGAL
A30: LOS BIENES SERÁN ENTREGADOS CONFORME LO REQUIERA EL ÁREA SOLICITANTE RESPETANDO EL PERIODO SEÑALADO

Sheet 5.ROSAS R.
A1: GOBIERNO DEL ESTADO DE ZACATECAS
A8: LICITACIÓN No: | B8: EA-932063953-SOP049-2023
A9: PROYECTO: | B9: CONSTRUCCIÓN DE CALLE CON PAVIMENTACIÓN EN RÍO GRANDE LOCALIDAD COM. ANASTACIO V. HINOJOSA, EN CALLE ROSAS ROJAS CON 1,504.67 M2, CON MEZCLA ASFÁLTICA PARA EL BENEFICIO DE LA POBLACIÓN.
A10: UBICACIÓN: | B10: RÍO GRANDE, ZAC.
A12: LISTADO DE ADQUISICIÓN DE INSUMOS
A14: Código | B14: Concepto | C14: Unidad | D14: Cantidad | E14: Costo con Número | F14: Costo con letra | G14: Importe
B16: PAVIMENTO
A17: MASF0003 | B17: EMULSION CATIONICA DE ROMPIMIENTO RAPIDO (ECR) , DE ACUERDO CON LA NORMA DE LA SCT N-CMT-4-05-001 VIGENTE. (PUESTOS EN EL SITIO DE LOS TRABAJOS) | C17: L | D17: 1504.67
A18: MASF0004 | B18: EMULSION ASFALTICA CATIONICA DE ROMPIMIENTO LENTO (ECL) DE ACUERDO CON LA NORMA DE LA SCT N-CMT-4-05-001 VIGENTE. (PUESTOS EN EL SITIO DE LOS TRABAJOS) | C18: L | D18: 2557.94
A19: MASFPG64-22P | B19: ADQUISICIÓN DE CARPETA DE CONCRETO ASFALTICO CON CEMENTO ASFALTICO GRADO PG 64-22 ELABORADA EN PLANTA MEZCLA EN CALIENTE TIPO DENSA. (MEZCLA ASFÁLTICA SUELTA PUESTA EN EL SITIO DE LOS TRABAJOS). DE ACUERDO CON LA NORMA DE LA SCT N-CMT-4-05-003 VIGENTE. | C19: M3 | D19: 90.28
B20: SUBTOTAL PAVIMENTO
B21: SEÑALAMIENTO
A22: MPIN0001 | B22: PINTURA TRAFICO AMARILLO Y/O BLANCO, BASE AGUA, TIPO II, EN TAMBOS DE 200 L O CUBETA DE 19 L, DE ACUERDO A LA NORMA DE LA SICT N·CMT·5·01·001/13, PUESTA EN ALMACENES DE LA SUBSECRETARÍA DE COMUNICACIONES. | C22: L | D22: 27
B23: SUBTOTAL SEÑALAMIENTO
E24: SUBTOTAL
E25: 16 % I.V.A.
E26: TOTAL
E27: (IMPORTE TOTAL CON LETRA)
A28: NOTA: EN PAPELERIA MEBRETADA DE LA EMPRESA Y FIRMADO POR EL REPRESENTANTE LEGAL
A29: LOS BIENES SERÁN ENTREGADOS CONFORME LO REQUIERA EL ÁREA SOLICITANTE RESPETANDO EL PERIODO SEÑALADO

Sheet 6. ESPE
A1: GOBIERNO DEL ESTADO DE ZACATECAS
A8: LICITACIÓN No: | B8: EA-932063953-SOP049-2023
A9: PROYECTO: | B9: REHABILITACIÓN DE CALLE CON PAVIMENTACIÓN EN RÍO GRANDE, LOCALIDAD COM. LAS ESPERANZAS, EN CALLE INSURGENTE, ZAP 0787 CON 7,181.27 M2 CON MEZCLA ASFÁLTICA PARA EL BENEFICIO DE LA POBLACIÓN.
A10: UBICACIÓN: | B10: RÍO GRANDE, ZAC.
A12: LISTADO DE ADQUISICIÓN DE INSUMOS
A14: Código | B14: Concepto | C14: Unidad | D14: Cantidad | E14: Costo con Número | F14: Costo con letra | G14: Importe
B16: PAVIMENTO
A17: MASF0003 | B17: EMULSION CATIONICA DE ROMPIMIENTO RAPIDO (ECR) , DE ACUERDO CON LA NORMA DE LA SCT N-CMT-4-05-001 VIGENTE. (PUESTOS EN EL SITIO DE LOS TRABAJOS) | C17: L | D17: 7181.27
A18: MASFPG64-22P | B18: ADQUISICIÓN DE CARPETA DE CONCRETO ASFALTICO CON CEMENTO ASFALTICO GRADO PG 64-22 ELABORADA EN PLANTA MEZCLA EN CALIENTE TIPO DENSA. (MEZCLA ASFÁLTICA SUELTA PUESTA EN EL SITIO DE LOS TRABAJOS). DE ACUERDO CON LA NORMA DE LA SCT N-CMT-4-05-003 VIGENTE. | C18: M3 | D18: 430.88
B19: TOTAL PAVIMENTO
B20: SEÑALAMIENTO
A21: MPIN0001 | B21: PINTURA TRAFICO AMARILLO Y/O BLANCO, BASE AGUA, TIPO II, EN TAMBOS DE 200 L O CUBETA DE 19 L, DE ACUERDO A LA NORMA DE LA SICT N·CMT·5·01·001/13, PUESTA EN ALMACENES DE LA SUBSECRETARÍA DE COMUNICACIONES. | C21: L | D21: =96+35 -> 131
B22: TOTAL SEÑALAMIENTO
E25: SUBTOTAL
E26: 16 % I.V.A.
E27: TOTAL
E28: (IMPORTE TOTAL CON LETRA)
A29: NOTA: EN PAPELERIA MEBRETADA DE LA EMPRESA Y FIRMADO POR EL REPRESENTANTE LEGAL
A30: LOS BIENES SERÁN ENTREGADOS CONFORME LO REQUIERA EL ÁREA SOLICITANTE RESPETANDO EL PERIODO SEÑALADO

Sheet 7. ALF. MED
A1: GOBIERNO DEL ESTADO DE ZACATECAS
A8: LICITACIÓN No: | B8: EA-932063953-SOP049-2023
A9: PROYECTO: | B9: REHABILITACIÓN DE CALLE CON PAVIMENTACIÓN EN RÍO GRANDE, LOCALIDAD COM. LAS ESPERANZAS, EN CALLE ALFONSO MEDINA, CON 5,711.91 M2 CON MEZCLA ASFÁLTICA PARA EL BENEFICIO DE LA POBLACIÓN.
A10: UBICACIÓN: | B10: RÍO GRANDE, ZAC.
A12: LISTADO DE ADQUISICIÓN DE INSUMOS
A14: Código | B14: Concepto | C14: Unidad | D14: Cantidad | E14: Costo con Número | F14: Costo con letra | G14: Importe
B15: PAVIMENTO
A16: MASF0003 | B16: EMULSION CATIONICA DE ROMPIMIENTO RAPIDO (ECR) , DE ACUERDO CON LA NORMA DE LA SCT N-CMT-4-05-001 VIGENTE. (PUESTOS EN EL SITIO DE LOS TRABAJOS) | C16: L | D16: 5711.91
A17: MASFPG64-22P | B17: ADQUISICIÓN DE CARPETA DE CONCRETO ASFALTICO CON CEMENTO ASFALTICO GRADO PG 64-22 ELABORADA EN PLANTA MEZCLA EN CALIENTE TIPO DENSA. (MEZCLA ASFÁLTICA SUELTA PUESTA EN EL SITIO DE LOS TRABAJOS). DE ACUERDO CON LA NORMA DE LA SCT N-CMT-4-05-003 VIGENTE. | C17: M3 | D17: 342.71
B18: TOTAL PAVIMENTO
B19: SEÑALAMIENTO
A20: MPIN0001 | B20: PINTURA TRAFICO AMARILLO Y/O BLANCO, BASE AGUA, TIPO II, EN TAMBOS DE 200 L O CUBETA DE 19 L, DE ACUERDO A LA NORMA DE LA SICT N·CMT·5·01·001/13, PUESTA EN ALMACENES DE LA SUBSECRETARÍA DE COMUNICACIONES. | C20: L | D20: 137
B21: TOTAL SEÑALAMIENTO
E24: SUBTOTAL
E25: 16 % I.V.A.
E26: TOTAL
E27: (IMPORTE TOTAL CON LETRA)
A28: NOTA: EN PAPELERIA MEBRETADA DE LA EMPRESA Y FIRMADO POR EL REPRESENTANTE LEGAL
A29: LOS BIENES SERÁN ENTREGADOS CONFORME LO REQUIERA EL ÁREA SOLICITANTE RESPETANDO EL PERIODO SEÑALADO

Sheet 8. P.NAT. YGM
A1: GOBIERNO DEL ESTADO DE ZACATECAS
A8: LICITACIÓN No: | B8: EA-932063953-SOP049-2023
A9: PROYECTO: | B9: CONSTRUCCIÓN DE CALLE CON PAVIMENTACIÓN EN RÍO GRANDE LOCALIDAD RÍO GRANDE, ASENTAMIENTO COL. DEPORTIVA,ZAP 072A EN CALLES PANFILO NATERA Y GREGORIO MEDINA, CON 3,871.81 M2, CON MEZCLA ASFÁLTICA PARA EL BENEFICIO DE LA POBLACIÓN.
A10: UBICACIÓN: | B10: RÍO GRANDE,ZAC.
A12: LISTADO DE ADQUISICIÓN DE INSUMOS
A14: Código | B14: Concepto | C14: Unidad | D14: Cantidad | E14: Costo con Número | F14: Costo con letra | G14: Importe
B15: PAVIMENTO
A16: MASF0003 | B16: EMULSION CATIONICA DE ROMPIMIENTO RAPIDO (ECR) , DE ACUERDO CON LA NORMA DE LA SCT N-CMT-4-05-001 VIGENTE. (PUESTOS EN EL SITIO DE LOS TRABAJOS) | C16: L | D16: 3871.81
A17: MASF0004 | B17: EMULSION ASFALTICA CATIONICA DE ROMPIMIENTO LENTO (ECL) DE ACUERDO CON LA NORMA DE LA SCT N-CMT-4-05-001 VIGENTE. (PUESTOS EN EL SITIO DE LOS TRABAJOS) | C17: L | D17: 6582.08
A18: MASFPG64-22P | B18: ADQUISICIÓN DE CARPETA DE CONCRETO ASFALTICO CON CEMENTO ASFALTICO GRADO PG 64-22 ELABORADA EN PLANTA MEZCLA EN CALIENTE TIPO DENSA. (MEZCLA ASFÁLTICA SUELTA PUESTA EN EL SITIO DE LOS TRABAJOS). DE ACUERDO CON LA NORMA DE LA SCT N-CMT-4-05-003 VIGENTE. | C18: M3 | D18: 232.31
B19: SUBTOTAL PAVIMENTO
B20: SEÑALAMIENTO
A21: MPIN0001 | B21: PINTURA TRAFICO AMARILLO Y/O BLANCO, BASE AGUA, TIPO II, EN TAMBOS DE 200 L O CUBETA DE 19 L, DE ACUERDO A LA NORMA DE LA SICT N·CMT·5·01·001/13, PUESTA EN ALMACENES DE LA SUBSECRETARÍA DE COMUNICACIONES. | C21: L | D21: 77
B22: SUBTOTAL SEÑALAMIENTO
E25: SUBTOTAL
E26: 16 % I.V.A.
E27: TOTAL
E28: (IMPORTE TOTAL CON LETRA)
A29: NOTA: EN PAPELERIA MEBRETADA DE LA EMPRESA Y FIRMADO POR EL REPRESENTANTE LEGAL
A30: LOS BIENES SERÁN ENTREGADOS CONFORME LO REQUIERA EL ÁREA SOLICITANTE RESPETANDO EL PERIODO SEÑALADO

Sheet 9 MICH
A1: GOBIERNO DEL ESTADO DE ZACATECAS
A8: LICITACIÓN No: | B8: EA-932063953-SOP049-2023
A9: PROYECTO: | B9: CONSTRUCCIÓN DE CALLE CON PAVIMENTACIÓN EN RÍO GRANDE LOCALIDAD EL FUERTE, EN CALLE MICHOACAN, CON 2102.53 M2, CON MEZCLA ASFÁLTICA PARA EL BENEFICIO DE LA POBLACIÓN.
A10: UBICACIÓN: | B10: RÍO GRANDE, ZAC.
A12: LISTADO DE ADQUISICIÓN DE INSUMOS
A14: Código | B14: Concepto | C14: Unidad | D14: Cantidad | E14: Costo con Número | F14: Costo con letra | G14: Importe
B15: PAVIMENTO
A16: MASF0003 | B16: EMULSION CATIONICA DE ROMPIMIENTO RAPIDO (ECR) , DE ACUERDO CON LA NORMA DE LA SCT N-CMT-4-05-001 VIGENTE. (PUESTOS EN EL SITIO DE LOS TRABAJOS) | C16: L | D16: 2102.63
A17: MASF0004 | B17: EMULSION ASFALTICA CATIONICA DE ROMPIMIENTO LENTO (ECL) DE ACUERDO CON LA NORMA DE LA SCT N-CMT-4-05-001 VIGENTE. (PUESTOS EN EL SITIO DE LOS TRABAJOS) | C17: L | D17: 3574.47
A18: MASFPG64-22P | B18: ADQUISICIÓN DE CARPETA DE CONCRETO ASFALTICO CON CEMENTO ASFALTICO GRADO PG 64-22 ELABORADA EN PLANTA MEZCLA EN CALIENTE TIPO DENSA. (MEZCLA ASFÁLTICA SUELTA PUESTA EN EL SITIO DE LOS TRABAJOS). DE ACUERDO CON LA NORMA DE LA SCT N-CMT-4-05-003 VIGENTE. | C18: M3 | D18: 126.18
B19: SUBTOTAL PAVIMENTO
B20: SEÑALAMIENTO
A21: MPIN0001 | B21: PINTURA TRAFICO AMARILLO Y/O BLANCO, BASE AGUA, TIPO II, EN TAMBOS DE 200 L O CUBETA DE 19 L, DE ACUERDO A LA NORMA DE LA SICT N·CMT·5·01·001/13, PUESTA EN ALMACENES DE LA SUBSECRETARÍA DE COMUNICACIONES. | C21: L | D21: 43
B22: SUBTOTAL SEÑALAMIENTO
E25: SUBTOTAL
E26: 16 % I.V.A.
E27: TOTAL
E28: (IMPORTE TOTAL CON LETRA)
A29: NOTA: EN PAPELERIA MEBRETADA DE LA EMPRESA Y FIRMADO POR EL REPRESENTANTE LEGAL
A30: LOS BIENES SERÁN ENTREGADOS CONFORME LO REQUIERA EL ÁREA SOLICITANTE RESPETANDO EL PERIODO SEÑALADO

Sheet 8. MICHOACAN
A1: GOBIERNO DEL ESTADO DE ZACATECAS
A9: PROYECTO: | B9: CONSTRUCCIÓN DE CALLE CON PAVIMENTACIÓN EN RÍO GRANDE LOCALIDAD EL FUERTE, EN CALLE MICHOACAN, CON 2,102.63 M2, CON MEZCLA ASFÁLTICA PARA EL BENEFICIO DE LA POBLACIÓN.
A10: UBICACIÓN: | B10: RÍO GRANDE, ZAC.
A12: PRESUPUESTO DE ADQUISICIÓN DE INSUMOS
A14: Código | B14: Concepto | C14: Unidad | D14: Cantidad | E14: Costo Unitario | F14: Importe
B15: PRELIMINARES
A16: 108LETRERO2 | B16: SUMINISTRO DE LETRERO ALUSIVO A LA OBRA A BASE DE PERFIL TUBULAR PTR DE 2"X2" Y LÁMINA LISA EN SECCIÓN DE 1.20 X 1.50 M. Y UNA ALTURA TOTAL DE 2.50 + 0.50 M DE EMPOTRAMIENTO EN EL QUE DEBE INCLUIR: MUNICIPIO, LOCALIDAD, NOMBRE DE LA OBRA, MONTOS DE INVERSIÓN, LA NATURALEZA DL RECURSO (FISM - FISE) Y TOTAL DE BENEFICIARIOS. INLUYE PINTURA Y ROTULACIÓN DE LOGOTIPOS OFICIALES Y EN SU CASO LAS ACCIONES EN VIVIENDAS BENEFICIADAS, LA PLACA O CALCOMANÍA ALUSIVA AL MENOS DE 20 CM POR 40 CM, CON LOS LOGOTIPOS OFICIALES, DONDE DEBERÁN SEÑALAR LA VIVIENDA BENEFICIADA CON LA OBRA O ACCIÓN RECIBIDA Y NATURALEZA DEL RECURSO (FISE/FISM). L.A.B. EN EL SITIO DE LOS TRABAJOS. | C16: PZA | D16: 1 | E16: 3787 | F16: =+ROUND(D16*E16,2) -> 3787
B17: SUBTOTAL PRELIMINARES | F17: =SUM(F16) -> 3787
B18: PAVIMENTO
A19: MASF0003 | B19: EMULSION CATIONICA DE ROMPIMIENTO RAPIDO (ECR) , DE ACUERDO CON LA NORMA DE LA SCT N-CMT-4-05-001 VIGENTE. (PUESTOS EN EL SITIO DE LOS TRABAJOS) | C19: L | D19: 2102.63 | E19: =+'EST. MCDO'!G22 -> 14.85 | F19: =+ROUND(D19*E19,2) -> 31224.06
A20: MASF0004 | B20: EMULSION ASFALTICA CATIONICA DE ROMPIMIENTO LENTO (ECL) DE ACUERDO CON LA NORMA DE LA SCT N-CMT-4-05-001 VIGENTE. (PUESTOS EN EL SITIO DE LOS TRABAJOS) | C20: L | D20: 3574.47 | E20: =+'EST. MCDO'!G23 -> 15.38 | F20: =+ROUND(D20*E20,2) -> 54975.35
A21: MASFPG64-22P | B21: ADQUISICIÓN DE CARPETA DE CONCRETO ASFALTICO CON CEMENTO ASFALTICO GRADO PG 64-22 ELABORADA EN PLANTA MEZCLA EN CALIENTE TIPO DENSA. (MEZCLA ASFÁLTICA SUELTA PUESTA EN EL SITIO DE LOS TRABAJOS). DE ACUERDO CON LA NORMA DE LA SCT N-CMT-4-05-003 VIGENTE. | C21: M3 | D21: 126.16 | E21: =+'EST. MCDO'!G24 -> 3191.5 | F21: =+ROUND(D21*E21,2) -> 402639.64
B22: SUBTOTAL PAVIMENTO | F22: =SUM(F19:F21) -> 488839.05
B23: SEÑALAMIENTO
A24: MPIN0001 | B24: PINTURA TRAFICO AMARILLO Y/O BLANCO, BASE AGUA, TIPO II, EN TAMBOS DE 200 L O CUBETA DE 19 L, DE ACUERDO A LA NORMA DE LA SICT N·CMT·5·01·001/13, PUESTA EN ALMACENES DE LA SUBSECRETARÍA DE COMUNICACIONES. | C24: L | D24: 43 | E24: =+EST.MCDO.PIN.!G23 -> 116.69 | F24: =+ROUND(D24*E24,2) -> 5017.67
B25: SUBTOTAL SEÑALAMIENTO | F25: =SUM(F24) -> 5017.67
E28: SUMA: | F28: =+F25+F22+F17 -> 497643.72
E29: 16 % I.V.A. | F29: =+ROUND(F28*0.16,2) -> 79623
E30: TOTAL | F30: =+F28+F29 -> 577266.72
A35: C. Eduardo Quintero Pinedo Arq. Manuel Alfonso Acuña Borda | E35: Ing. Carlos Rodríguez Limas
A36: Director de Costos y Presupuestos Subsecretario de Proyectos y Costos | E36: Subdirector de Validación y Costos
